 Dungeon Crawl Stone Soup version 0.28.0-53-g5a82cb258f (console) character file.

Game seed: 985417443007958369

128 erker the Sneak (level 5, -17/31 HPs)
             Began as an Octopode Earth Elementalist on July 22, 2022.
             Was an Initiate of Sif Muna.
             Demolished by an ogre
             ... wielding a +0 giant club
              (26 damage)
             ... on level 4 of the Dungeon.
             The game lasted 00:12:55 (4680 turns).

erker the Sneak (Octopode Earth Elementalist)       Turns: 4680, Time: 00:12:55

Health: -17/31     AC:  1    Str: 13    XL:     5   Next: 12%
Magic:  6/8        EV: 13    Int: 20    God:    Sif Muna [......]
Gold:   188        SH:  0    Dex: 14    Spells: 1/8 levels left

rFire   . . .      SeeInvis .   a - +2 dagger (venom)
rCold   + . .      Faith    +   (no shield)
rNeg    . . .      Spirit   .   (helmet restricted)
rPois   .          Reflect  .   r - amulet of faith
rElec   +          Harm     .   j - ring of Etudesh {*Slow rElec rC+ Str+6 Dex+2}
rCorr   .          Rampage  .   (no ring)
Will    .....                   (no ring)
Stlth   ++++......              (no ring)
HPRegen 0.10/turn               (no ring)
MPRegen 0.11/turn               (no ring)
                                (no ring)
                                (no ring)

@: no status effects
A: almost no armour, amphibious, 8 rings, camouflage 1, gelatinous body 1,
(nimble swimmer 1), tentacles
a: Renounce Religion


You were on level 4 of the Dungeon.
You worshipped Sif Muna.
Sif Muna was noncommittal.
You visited 2 branches of the dungeon, and saw 5 of its levels.

You collected 188 gold pieces.

Inventory:

Hand Weapons
 a - a +2 dagger of venom (weapon)
Missiles
 b - 129 stones
 c - 2 silver boomerangs
 f - a throwing net
Jewellery
 e - an amulet of the acrobat
 j - the ring of Etudesh (left tentacle) {*Slow rElec rC+ Str+6 Dex+2}
   (You found it on level 2 of the Dungeon)

   [ring of protection from cold]

   Str:       It affects your strength (+6).
   Dex:       It affects your dexterity (+2).
   rC:        It protects you from cold.
   rElec:     It insulates you from electricity.
   *Slow:     It may slow you when you take damage.
 r - an amulet of faith (around mantle)
Wands
 n - a wand of digging (6)
 o - a wand of charming (14)
Scrolls
 k - a scroll of identify {unknown}
 m - 2 scrolls of immolation
 q - 3 scrolls of teleportation {unknown}
Potions
 d - a potion of might {unknown}
 g - a potion of resistance {unknown}
 h - a potion of haste {unknown}
 i - a potion of mutation {unknown}
 l - a potion of degeneration {unknown}
 p - a potion of flight {unknown}


   Skills:
 - Level 2.0 Short Blades
 - Level 2.0 Dodging
 - Level 4.0 Stealth
 - Level 2.0 Spellcasting
 + Level 2.5 Transmutations
 - Level 4.0 Earth Magic


You had one spell level left.
You knew the following spells:

 Your Spells              Type           Power      Damage    Failure   Level
a - Sandblast             Erth           36%        2d10      3%          1
p - Petrify               Tmut/Erth      15%        N/A       38%         4
w - Passwall              Tmut/Erth      12%        N/A       6%          2

Your spell library contained the following spells:

 Spells                   Type           Power      Damage    Failure   Level
 Stone Arrow              Conj/Erth      20%        3d8       21%         3
 Corpse Rot               Necr/Air       4%         N/A       24%         2
 Poisonous Vapours        Pois/Air       4%         N/A       24%         2


Dungeon Overview and Level Annotations

Branches:
Dungeon (4/15)             Temple (1/1) D:4

Altars:
Ashenzari
Cheibriados
Dithmenos
Elyvilon
Fedhas
Gozag
Hepliaklqana
Kikubaaqudgha
Makhleb
Nemelex Xobeh
Okawaru
Qazlal
Ru
Sif Muna
Trog
Uskayaw
Vehumet
Xom
Yredelemnul
Zin
The Shining One

Shops:
D:1 (

Annotations:
D:3 mcbry74's ghost, amateur HOFi


Innate Abilities, Weirdness & Mutations

You cannot wear most types of armour.
You are amphibious.
You can wear up to eight rings at the same time.
Your skin changes colour to match your surroundings (Stealth+).
Your rubbery body absorbs attacks. (AC +1, EV +1)
((You are camouflaged when in or above water. (Stealth+)))
You have tentacles for arms and can constrict up to eight enemies at once.


Message History

Aiming: Sandblast (safe; 3% risk of failure)
Press: ? - help, Shift-Dir - straight line, f - ufetubus
Aim: an ufetubus (wandering, hasn't noticed you, 66% to hit)
The blast of sand misses the ufetubus.
The ufetubus shouts!
Casting: Sandblast (safe; 3% risk of failure)
Confirm with . or Enter, or press ? or * to list all spells.
Aiming: Sandblast (safe; 3% risk of failure)
Press: ? - help, Shift-Dir - straight line, f/p - ufetubus
Aim: an ufetubus (66% to hit)
The blast of sand hits the ufetubus!
You kill the ufetubus!
Sif Muna accepts your kill.
Magic restored.
An ogre comes into view. It is wielding a +0 giant club.
A bullfrog skeleton comes into view.
Casting: Sandblast (safe; 3% risk of failure)
Confirm with . or Enter, or press ? or * to list all spells.
Aiming: Passwall (safe; 6% risk of failure)
Press: ? - help, Dir - move target A rock wall.
You begin to meditate on the wall.
You continue meditating on the rock. x2
You finish merging with the rock.
An ogre is nearby!
Magic restored.
Found 11 gold pieces.
The ogre shouts!
Casting: Passwall (safe; 6% risk of failure)
Confirm with . or Enter, or press ? or * to list all spells.
Aiming: Passwall (safe; 6% risk of failure)
Press: ? - help, Dir - move target A rock wall.
You begin to meditate on the wall.
You continue meditating on the rock.
The ogre hits you with a +0 giant club!!
Ouch! That really hurt!
* * * LOW HITPOINT WARNING * * *
You continue meditating on the rock.
The ogre hits you with a +0 giant club!!
Ouch! That really hurt!
You die...

### ###
#.###################.#
#....##...@O..........#
#.##.##.#############.#
#.##.##.#..# #.#
#.##.##.#..## #.#
#.##........# #.#
#.#####.###.# #.#
#.......# #.# ######.#
######### #.# #......#
# ####.# #.######.#


You could see an ogre.

Vanquished Creatures
  A hound (D:3)
  An adder (D:3)
  An ufetubus (D:4)
  An adder skeleton (D:4)
  4 dart slugs
  5 ball pythons
  6 bats
  5 endoplasms
  4 giant cockroaches
  5 goblins
  6 hobgoblins
  6 jackals
  4 quokkas
  5 frilled lizards
  10 kobolds
  3 rats
67 creatures vanquished.

Notes
Turn   | Place    | Note
-------+----------+-------------------------------------------
     0 | D:1      | erker the Octopode Earth Elementalist began the quest for
                  | the Orb.
     0 | D:1      | Reached XP level 1. HP: 11/11 MP: 3/3
   178 | D:1      | Reached XP level 2. HP: 17/17 MP: 1/5
   181 | D:1      | Learned a level 2 spell: Passwall
   503 | D:1      | Found Vadaoh's Weapon Shoppe.
   609 | D:1      | Reached XP level 3. HP: 14/21 MP: 3/6
  1077 | D:1      | Reached skill level 1 in Short Blades
  1550 | D:2      | Identified the ring of Etudesh {*Slow rElec rC+ Str+6
                  | Dex+2}
  2294 | D:3      | Reached XP level 4. HP: 23/27 MP: 7/7
  2352 | D:3      | Learned a level 4 spell: Petrify
  2688 | D:3      | Found a runed translucent door.
  2688 | D:3      | Noticed mcbry74's ghost (amateur HOFi)
  3610 | D:4      | Found a staircase to the Ecumenical Temple.
  3614 | D:4      | Reached XP level 5. HP: 30/31 MP: 6/8
  3624 | Temple   | Entered the Ecumenical Temple
  4015 | Temple   | Became a worshipper of Sif Muna the Loreminder
  4186 | D:4      | Noticed an ogre
  4557 | D:4      | Noticed an ogre
  4680 | D:4      | Demolished by an ogre

Illustrated notes

Levels and vault maps discovered:
D:1:      dpeg_arrival_more_subterranean_lakeside_camping, layout_loops_corners,
          serial_shops, nicolae_shop_statue_plus, minmay_misc_feat_room,
          corner_web_ring, minmay_domino_2
D:2:      layout_basic
D:3:      layout_loops_cross, ebering_ghost_inner_flame,
          kennysheep_pointless_box
D:4:      layout_basic, minmay_temple_entry_grid
Temple:   mainiacjoe_temple_trianglar_array

Skill      XL: |  1  2  3  4 |
---------------+-------------+-----
Stealth        | 3 4 |  4.0
Short Blades   | 1 2 |  2.0
Earth Magic    | 4 |  4.0
Transmutations | 2 |  2.5
Dodging        | |  2.0
Spellcasting   | |  2.0

Action                   |  1- 3 |  4- 6 || total
-------------------------+-------+-------++-------
Melee: Unarmed           |    13 |       ||    13
       Constrict         |    16 |     6 ||    22
       Tentacles         |    11 |     2 ||    13
       Dagger            |    53 |    23 ||    76
       Punch             |     2 |     1 ||     3
 Cast: Sandblast         |    15 |     8 ||    23
       Passwall          |       |     2 ||     2
 Stab: Sleeping          |    17 |     5 ||    22
       Distracted        |       |     1 ||     1
Armor: Skin              |     4 |     2 ||     6
Dodge: Dodged            |    39 |    13 ||    52
